 Dungeon Crawl Stone Soup version 0.26-a0-651-gb41185065b (webtiles) character file.

Game seed: 11265898868715512148

1292 dolemite99 the Stinger (level 8, -6/58 HPs)
             Began as a Gnoll Venom Mage on Sept 29, 2020.
             Was an Initiate of Vehumet.
             Mangled by a human
             ... wielding a +0 mace
              (12 damage)
             ... on level 6 of the Dungeon.
             The game lasted 00:14:06 (7790 turns).

dolemite99 the Stinger (Gnoll Venom Mage)           Turns: 7790, Time: 00:14:06

Health: -6/58      AC:  8    Str: 11    XL:     8   Next: 56%
Magic:  10/17      EV: 15    Int: 20    God:    Vehumet [......]
Gold:   204        SH:  0    Dex: 15    Spells: 6/19 levels left

rFire    . . .     SeeInvis .   D - +3 quarterstaff (chaos)
rCold    . . .     Faith    .   (shield currently unavailable)
rNeg     . . .     Spirit   .   w - +0 robe
rPois    .         Reflect  .   u - +0 helmet
rElec    .         Harm     .   E - +0 cloak {rCorr}
rCorr    +         Rampage  .   y - +0 pair of gloves
MR       .....                  M - +2 pair of boots {Stlth+}
Stlth    ++++......             (no amulet)
HPRegen  0.19/turn              (no ring)
MPRegen  0.15/turn              (no ring)

@: studying Shields
A: distributed training, fangs 1, strong nose
a: Renounce Religion


You were on level 6 of the Dungeon.
You worshipped Vehumet.
Vehumet was noncommittal.
You visited 2 branches of the dungeon, and saw 7 of its levels.

You collected 204 gold pieces.

Inventory:

Hand Weapons
 a - a +0 shortbow
 b - a +1 dagger of venom
 d - a +0 spear
 h - a +0 dagger
 n - a +0 hunting sling
 q - a +2 whip of draining
 r - a +0 long sword
 D - a +3 quarterstaff of chaos (weapon)
 F - a +2 mace of protection
Missiles
 e - 158 stones
 g - 26 bolts
 t - 55 arrows
 v - 25 poisoned darts (quivered)
Armour
 j - a +0 ring mail
 u - a +0 helmet (worn)
 w - a +0 robe (worn)
 y - a +0 pair of gloves (worn)
 B - a +1 scale mail of cold resistance
 E - a +0 cloak of preservation (worn)
 M - a +2 pair of boots of stealth (worn)
 N - a +0 pair of gloves
Magical Staves
 x - an uncursed staff of earth
 I - an uncursed staff of air {unknown}
Jewellery
 o - an uncursed ring of poison resistance
Wands
 l - a wand of polymorph (13)
 A - a wand of random effects (7)
 C - a wand of flame (33)
Scrolls
 f - 2 scrolls of teleportation
 i - a scroll of amnesia
 m - 2 scrolls of immolation
 s - 5 scrolls of remove curse {@r2}
Potions
 c - 2 potions of degeneration {unknown}
 k - 3 potions of cancellation
 p - 2 potions of magic
 z - 3 potions of ambrosia {unknown}
 G - a potion of lignification {unknown}
 H - a potion of stabbing {unknown}
 K - a potion of brilliance {unknown}
 L - a potion of curing {unknown}
 O - a potion of flight {unknown}
 P - a potion of might {unknown}
Books
 J - a manual of Shields


   Skills:
 + Level 3.3 Fighting
 + Level 3.3 Short Blades
 + Level 3.3 Long Blades
 + Level 3.3 Axes
 + Level 3.3 Maces & Flails
 + Level 3.3 Polearms
 + Level 3.3 Staves
 + Level 3.3 Slings
 + Level 3.3 Bows
 + Level 3.3 Crossbows
 + Level 3.3 Throwing
 + Level 3.3 Armour
 + Level 5.7 Dodging
 + Level 5.4 Stealth
 + Level 4.2 Shields
 + Level 3.3 Unarmed Combat
 + Level 6.1 Spellcasting
 + Level 2.7 Conjurations
 + Level 2.7 Hexes
 + Level 2.7 Summonings
 + Level 2.7 Necromancy
 + Level 2.7 Translocations
 + Level 3.5 Transmutations
 + Level 2.7 Fire Magic
 + Level 2.7 Ice Magic
 + Level 2.7 Air Magic
 + Level 2.7 Earth Magic
 + Level 6.1 Poison Magic
 + Level 3.7 Invocations
 + Level 3.3 Evocations


You had 6 spell levels left.
You knew the following spells:

 Your Spells              Type           Power        Failure   Level
a - Sting                 Tmut/Pois      ####         1%          1
b - Poisonous Vapours     Pois/Air       ###...       2%          2
c - Olgreb's Toxic Radia  Pois           ####....     9%          4
d - Ignite Poison         Fire/Tmut/Pois ###.....     5%          3
e - Mephitic Cloud        Conj/Pois/Air  ###.....     6%          3

Your spell library contained the following spells:

 Spells                   Type           Power        Failure   Level
 Magic Dart               Conj           ###.         3%          1
 Passwall                 Tmut/Erth      ###.....     4%          2
 Swiftness                Air            ###.....     4%          2
 Passage of Golubria      Tloc           N/A          32%         4
 Lee's Rapid Deconstruct  Erth           ###.......   67%         5
 Invisibility             Hex            ###.....     99%         6


Dungeon Overview and Level Annotations

Branches:
Dungeon (6/15)             Temple (1/1) D:4

Altars:
Ashenzari
Cheibriados
Dithmenos
Elyvilon
Fedhas
Gozag
Hepliaklqana
Kikubaaqudgha
Makhleb
Nemelex Xobeh
Okawaru
Qazlal
Ru
Sif Muna
Trog
Uskayaw
Vehumet
Wu Jian
Xom
Yredelemnul
Zin
The Shining One


Innate Abilities, Weirdness & Mutations

Your experience applies equally to all skills.
You have very sharp teeth.
Your uncanny sense of smell can sniff out nearby items.


Message History

Casting: Olgreb's Toxic Radiance (dangerous; 9% risk of failure)
Confirm with . or Enter, or press ? or * to list all spells.
You begin to radiate toxic energy.
The human looks even sicker. x2
The quokka is poisoned.
The human hits you with a +0 club. The quokka barely misses you.
The human misses you. The quokka closely misses you.
You barely miss the human.
The human is moderately wounded.
The human looks even sicker.
You kill the quokka!
Vehumet accepts your kill.
Your toxic aura wanes.
The human hits you but does no damage. The human hits you with a +0 mace!
* * * LOW HITPOINT WARNING * * *
The human hits you with a +0 club!
* * * LOW HITPOINT WARNING * * *
You barely miss the human.
The human is heavily wounded.
The human barely misses you. The human hits you with a +0 mace!
You die...

### # ..# #. #.#
#.###.# ...#.#
########p#.#######.
.......@p..........
........)..........
......#..#.########
####.#####.##
#......rp#######
######........(#
#..#####.((# #..
∆∆∆ .# #..


You could see 2 humans.

Vanquished Creatures
  Grinder (D:5)
  A human (D:6)
  Menkaure (D:5)
  A sky beast (D:2)
  2 ogres (D:4)
  A centaur (D:5)
  A centaur zombie (D:5)
  A hound (D:2)
  Crazy Yiuf (D:3)
  An orc priest (D:3)
  An orc wizard (D:5)
  Jessica (D:3)
  3 worker ants
  Ijyb (D:3)
  3 gnolls (D:5)
  8 adders
  A shadow imp (D:4)
  4 oozes
  2 worms
  2 dart slugs (D:1)
  5 leopard geckos
  6 orcs
  11 giant cockroaches
  9 goblins
  7 hobgoblins
  3 jackals (D:2)
  13 kobolds
  2 quokkas
  A ball python (D:5)
  8 bats
  3 frilled lizards
  5 rats
110 creatures vanquished.

Notes
Turn   | Place    | Note
-------+----------+-------------------------------------------
     0 | D:1      | dolemite99 the Gnoll Venom Mage began the quest for the
                  | Orb.
     0 | D:1      | Reached XP level 1. HP: 13/13 MP: 6/6
   119 | D:1      | Reached XP level 2. HP: 9/19 MP: 4/7
   805 | D:1      | Reached XP level 3. HP: 21/25 MP: 5/9
   812 | D:1      | Reached skill level 5 in Spellcasting
  1155 | D:1      | Reached skill level 1 in Invocations
  1267 | D:2      | Noticed a sky beast
  1277 | D:2      | Killed a sky beast
  1277 | D:2      | Reached skill level 1 in Fighting
  1277 | D:2      | Reached skill level 1 in Short Blades
  1277 | D:2      | Reached skill level 1 in Long Blades
  1277 | D:2      | Reached skill level 1 in Axes
  1277 | D:2      | Reached skill level 1 in Maces & Flails
  1277 | D:2      | Reached skill level 1 in Polearms
  1277 | D:2      | Reached skill level 1 in Staves
  1277 | D:2      | Reached skill level 1 in Slings
  1277 | D:2      | Reached skill level 1 in Bows
  1277 | D:2      | Reached skill level 1 in Crossbows
  1277 | D:2      | Reached skill level 1 in Throwing
  1277 | D:2      | Reached skill level 1 in Armour
  1277 | D:2      | Reached skill level 1 in Shields
  1277 | D:2      | Reached skill level 1 in Unarmed Combat
  1277 | D:2      | Reached skill level 1 in Conjurations
  1277 | D:2      | Reached skill level 1 in Hexes
  1277 | D:2      | Reached skill level 1 in Summonings
  1277 | D:2      | Reached skill level 1 in Necromancy
  1277 | D:2      | Reached skill level 1 in Translocations
  1277 | D:2      | Reached skill level 1 in Fire Magic
  1277 | D:2      | Reached skill level 1 in Ice Magic
  1277 | D:2      | Reached skill level 1 in Air Magic
  1277 | D:2      | Reached skill level 1 in Earth Magic
  1277 | D:2      | Reached skill level 1 in Evocations
  1277 | D:2      | Reached XP level 4. HP: 22/32 MP: 6/11
  1277 | D:2      | Reached XP level 5. HP: 25/37 MP: 6/12
  1287 | D:2      | Learned a level 2 spell: Poisonous Vapours
  1292 | D:2      | Learned a level 4 spell: Olgreb's Toxic Radiance
  1296 | D:2      | Learned a level 3 spell: Ignite Poison
  1300 | D:2      | Learned a level 3 spell: Mephitic Cloud
  3161 | D:2      | Reached XP level 6. HP: 44/44 MP: 11/13
  3494 | D:3      | Reached skill level 5 in Dodging
  3907 | D:3      | Noticed Ijyb
  3913 | D:3      | Noticed Jessica
  3915 | D:3      | Killed Ijyb
  3931 | D:3      | Killed Jessica
  4347 | D:3      | Found a runed translucent door.
  4348 | D:3      | Noticed Crazy Yiuf
  4360 | D:3      | Killed Crazy Yiuf
  4964 | D:4      | Found a staircase to the Ecumenical Temple.
  5009 | Temple   | Entered the Ecumenical Temple
  5339 | Temple   | Became a worshipper of Vehumet
  5449 | D:4      | Reached XP level 7. HP: 50/50 MP: 9/15
  6365 | D:5      | Entered Level 5 of the Dungeon
  6369 | D:5      | Reached skill level 5 in Stealth
  6477 | D:5      | Identified a scroll of acquirement
  6477 | D:5      | Acquired a book of Burglary
  6627 | D:5      | Noticed Grinder
  6663 | D:5      | Found an ornate altar of the Wu Jian Council.
  7023 | D:5      | Paralysed by Grinder for 2 turns
  7044 | D:5      | Killed Grinder
  7044 | D:5      | Reached * piety under Vehumet
  7044 | D:5      | Offered knowledge of Magic Dart by Vehumet.
  7044 | D:5      | Reached XP level 8. HP: 39/58 MP: 16/16
  7306 | D:5      | Noticed Menkaure
  7313 | D:5      | Killed Menkaure
  7790 | D:6      | Mangled by a human

Illustrated notes

Levels and vault maps discovered:
D:1:      heliophobic_arrival_glass_houses, layout_basic
D:2:      layout_loops_cross, minmay_three_crescents
D:3:      layout_basic, portal_sewer_entry_d, uniq_crazy_yiuf_cottage,
          uniq_jessica, uniq_ijyb
D:4:      layout_basic, minmay_temple_entry_mini_moons, minmay_manual_mail
D:5:      layout_loops_ring, lemuel_crystal_altar, uniq_grinder, uniq_menkaure
D:6:      kennysheep_big_flooded_room, layout_basic, serial_shops,
          nicolae_shop_crystal, minmay_ruffians
Temple:   regret_index_temple_sigil_plot

Skill      XL: |  1  2  3  4  5  6  7  8 |
---------------+-------------------------+-----
Transmutations | 2 3 |  3.5
Spellcasting   | 5 6 |  6.1
Invocations    | 1 2 3 |  3.7
Fighting       | 1 2 3 |  3.3
Short Blades   | 1 2 3 |  3.3
Long Blades    | 1 2 3 |  3.3
Axes           | 1 2 3 |  3.3
Maces & Flails | 1 2 3 |  3.3
Polearms       | 1 2 3 |  3.3
Staves         | 1 2 3 |  3.3
Slings         | 1 2 3 |  3.3
Bows           | 1 2 3 |  3.3
Crossbows      | 1 2 3 |  3.3
Throwing       | 1 2 3 |  3.3
Armour         | 1 2 3 |  3.3
Shields        | 1 2 3 4 |  4.2
Unarmed Combat | 1 2 3 |  3.3
Conjurations   | 1 2 |  2.7
Hexes          | 1 2 |  2.7
Summonings     | 1 2 |  2.7
Necromancy     | 1 2 |  2.7
Translocations | 1 2 |  2.7
Fire Magic     | 1 2 |  2.7
Ice Magic      | 1 2 |  2.7
Air Magic      | 1 2 |  2.7
Earth Magic    | 1 2 |  2.7
Evocations     | 1 2 3 |  3.3
Dodging        | 5 |  5.7
Stealth        | 5 |  5.4
Poison Magic   | 6 |  6.1

Action                   |  1- 3 |  4- 6 |  7- 9 || total
-------------------------+-------+-------+-------++-------
Melee: Spear             |    29 |    35 |       ||    64
       Bite              |     3 |    10 |     8 ||    21
       Dagger            |       |    82 |       ||    82
       Unarmed           |       |     2 |       ||     2
       Quarterstaff      |       |       |    48 ||    48
       Staff             |       |       |     3 ||     3
 Fire: Shortbow          |       |    13 |       ||    13
Throw: Stone             |       |    22 |    17 ||    39
       Dart              |       |    12 |     1 ||    13
 Cast: Sting             |    42 |     3 |     9 ||    54
       Poisonous Vapours |       |    40 |    14 ||    54
       Olgreb's Toxic Ra |       |       |     3 ||     3
  Use: Scroll            |       |     8 |     6 ||    14
 Stab: Sleeping          |     1 |     1 |     3 ||     5
       Confused          |       |       |     1 ||     1
Armor: Robe              |     5 |    21 |    16 ||    42
Dodge: Dodged            |    45 |   115 |    43 ||   203

Table legend: (Time is in decaauts)
 A = Elapsed time spent in this place.
 B = Non-inter-level travel time spent in this place.
 C = Inter-level travel time spent in this place.
 D = Time resting spent in this place.
 E = Time spent auto-exploring this place.
 F = Levels seen in this place.
 G = Mean time per level.
                   A        B        C        D        E       F      G
               +--------+--------+--------+--------+--------+-----+--------+
         Total |   7793 |   7517 |    276 |   2735 |   3301 |   7 | 1113.3 |
       Dungeon |   7435 |   7182 |    253 |   2735 |   3015 |   6 | 1239.2 |
        Temple |    357 |    334 |     23 |      0 |    286 |   1 |  357.0 |
               +--------+--------+--------+--------+--------+-----+--------+

Top non-repeatable levels by time:
     D:2: 2008 daAuts
     D:3: 1738 daAuts
     D:5: 1311 daAuts
     D:1: 1235 daAuts
     D:4: 1104 daAuts
  Temple: 357 daAuts
     D:6: 38 daAuts
